 Dungeon Sprint DCSS version 0.31-a0-486-g8d68a81214 (webtiles) character file.

Game seed: 2419035716580696683

232 rocky1 the Ruffian (level 6, -1/39 HPs)
             Began as an Octopode Shapeshifter on Aug 8, 2023.
             Slain by an iguana (14 damage)
             ... in the Dungeon (Sprint IX: "|||||||||||||||||||||||||||||").
             The game lasted 00:00:23 (74 turns).

rocky1 the Ruffian (Octopode Shapeshifter)            Turns: 74, Time: 00:00:24

Health: -1/39      AC:  1    Str: 14    XL:     6   Next: 4%
Magic:  6/6        EV: 14    Int: 12    God:
Gold:   0          SH:  0    Dex: 13    Spells: 5/5 levels left

rFire   . .          .
                       - Unarmed
rCold   . . .        (no shield)
rNeg    . . .        (helmet currently unavailable)
rPois   .            (no amulet)
rElec   .            (no ring)
rCorr   .            (no ring)
SInv    .            (no ring)
Will    .....        (no ring)
Stlth   ++           (no ring)
HPRegen 0.26/turn    (no ring)
MPRegen 0.10/turn    (no ring)
                     (no ring)

%: no teleportation
@: beast-form
A: beast (slay +5), almost no armour, amphibious, 8 rings, camouflage 1,
gelatinous body 1, (nimble swimmer 1), tentacles
a: Begin Untransformation


You were in the Dungeon.
You were a hulking beast.
You visited 1 branch

Inventory:

Talismans
 b - a beast talisman (active)
Scrolls
 h - a scroll of blinking
Potions
 a - a potion of lignification
 c - a potion of curing
 e - a potion of haste
 f - 2 potions of magic
 g - a potion of berserk rage


   Skills:
 + Level 1.9 Fighting
 + Level 4.5 Dodging
 + Level 7.8 Unarmed Combat
 + Level 7.6 Shapeshifting


You had 5 spell levels left.
You didn't know any spells.
Your spell library was empty.

Dungeon Overview and Level Annotations

Branches:
Dungeon (1/1)

Altars:


Innate Abilities, Weirdness & Mutations

You are a hulking beast.
Your limbs bulge with bestial killing power. (Slay +5)
You cannot wear most types of armour.
You are amphibious.
You can wear up to eight rings at the same time.
Your skin changes colour to match your surroundings (Stealth+).
Your rubbery body absorbs attacks. (AC +1, EV +1)
((You are camouflaged when in or above water. (Stealth+)))
You have tentacles for arms and can constrict up to eight enemies at once.


Message History

You kill the black bear!
Your Dodging skill increases to level 3!
Your Unarmed Combat skill gained 2 levels and is now at level 6!
Your Shapeshifting skill gained 2 levels and is now at level 6!
You have reached level 3!
Your experience leads to an increase in your attributes!
Increase (S)trength, (I)ntelligence, or (D)exterity?
You feel clever. x2
You have reached level 4!
You bludgeon the black bear! Your grab misses the black bear.
The black bear is moderately wounded.
The black bear bites you. The black bear barely misses you.
The black bear claws you.
You tentacle-slap the black bear. You grab the black bear.
You tentacle-slap the black bear.
The black bear is severely wounded.
You constrict the black bear.
The black bear goes berserk!
You bludgeon the black bear! Your squeeze misses the black bear.
The black bear is almost dead.
You constrict the black bear. The black bear completely misses you.
The black bear barely misses you. The black bear claws you!
You tentacle-slap the black bear.
You kill the black bear!
Your Dodging skill increases to level 4!
Your Unarmed Combat skill increases to level 7!
Your Shapeshifting skill increases to level 7!
You have reached level 5!
You feel agile.
Unknown command.
You tentacle-slap the jelly.
Your tentacles burn!
The jelly is lightly wounded.
The jelly barely misses you.
You tentacle-slap the jelly.
Your tentacles burn!
You tentacle-slap the jelly.
The jelly is severely wounded.
The jelly misses you.
You bludgeon the jelly!
You kill the jelly!
You have reached level 6!
The iguana bites you!
You die...

▓+▓
▓.▓
▓.▓
▓.▓
▓.▓
▓l▓
▓h▓
▓.▓
▓.▓
▓.▓
▓†▓
▓.▓
▓'▓
▓.▓
▓.▓


You could see an iguana.

Vanquished Creatures
  2 black bears (D)
  A jelly (D)
  A gnoll (D)
  A dart slug (D)
  A hobgoblin (D)
  A ball python (D)
  2 frilled lizards (D)
9 creatures vanquished.

Notes
Turn   | Place    | Note
-------+----------+-------------------------------------------
     0 | D        | rocky1 the Octopode Shapeshifter began the quest for the
                  | Orb.
     0 | D        | Reached XP level 1. HP: 13/13 MP: 1/1
    54 | D        | Noticed an iguana
    54 | D        | Noticed a jelly
    54 | D        | Noticed a black bear
    54 | D        | Noticed a black bear
    58 | D        | Reached XP level 2. HP: 18/18 MP: 2/2
    66 | D        | Killed a black bear
    67 | D        | Reached XP level 3. HP: 21/23 MP: 3/3
    67 | D        | Reached XP level 4. HP: 26/28 MP: 4/4
    70 | D        | Killed a black bear
    71 | D        | Reached XP level 5. HP: 16/34 MP: 5/5
    74 | D        | Reached XP level 6. HP: 13/39 MP: 6/6
    74 | D        | Slain by an iguana

Illustrated notes

Levels and vault maps discovered:
D:        linesprint [early_d, line_temple, items_1, d_10, items_2, lair_1,
          lair_end, items_3, orc_1, orc_end, items_4, d_15, swamp_1, shoals_1,
          snake_1, spider_1, d_20, vaults_1, items_5, swamp_end, shoals_end,
          snake_end, spider_end, vaults_end, d_27, items_6, zot_1, zot_end,
          crypt_end, forest_end, elf_end, slime_end, tomb_end, abyss_end,
          pan_hell_end]

Skill      XL: |  1  2  3  4 |
---------------+-------------+-----
Unarmed Combat | 4 6 7 |  7.8
Shapeshifting  | 4 6 7 |  7.6
Dodging        | 3 4 |  4.5
Fighting       | |  1.9

Action                     |  1- 3 |  4- 6 || total
---------------------------+-------+-------++-------
  Melee: Unarmed           |    21 |     7 ||    28
         Constrict         |     7 |     1 ||     8
         Tentacles         |     6 |       ||     6
         Punch             |       |     2 ||     2
    Use: Potion            |     1 |       ||     1
 Armour: Skin              |     1 |       ||     1
  Dodge: Dodged            |    16 |     5 ||    21

Table legend: (Time is in decaauts)
 A = Elapsed time spent in this place.
 B = Non-inter-level travel time spent in this place.
 C = Inter-level travel time spent in this place.
 D = Time resting spent in this place.
 E = Time spent auto-exploring this place.
 F = Levels seen in this place.
 G = Mean time per level.
                   A        B        C        D        E       F      G
               +--------+--------+--------+--------+--------+-----+--------+
         Total |     71 |     71 |      0 |     34 |      0 |   1 |   71.0 |
       Dungeon |     71 |     71 |      0 |     34 |      0 |   1 |   71.0 |
               +--------+--------+--------+--------+--------+-----+--------+

Top non-repeatable levels by time:
       D: 71 daAuts
